 Dungeon Crawl Stone Soup version 0.30-a0-586-g23e55c9e0a (webtiles) character file.

Game seed: 9465721099746378613

40 Bnni the Vexing (level 3, -1/26 HPs)
             Began as a Formicid Hexslinger on Jan 3, 2023.
             Slain by an adder (3 damage)
             ... on level 2 of the Dungeon.
             The game lasted 00:01:29 (920 turns).

Bnni the Vexing (Formicid Hexslinger)                Turns: 920, Time: 00:01:30

Health: -1/26      AC:  2    Str: 14    XL:     3   Next: 72%
Magic:  2/5        EV: 12    Int: 14    God:
Gold:   69         SH:  0    Dex: 14    Spells: 0/4 levels left

rFire   . . .      SeeInvis +    a - +1 sling
rCold   . . .      Faith    .    f - orb {mayhem}
rNeg    . . .      Spirit   .    c - +0 robe
rPois   .          Reflect  .    (helmet unavailable)
rElec   .          Harm     .    (no cloak)
rCorr   .          Rampage  .    (no gloves)
Will    .....                    (no boots)
Stlth   +                        (no amulet)
HPRegen 0.24/turn                (no ring)
MPRegen 0.09/turn                (no ring)

@: no status effects
A: permanent stasis, dig shafts and tunnels, antennae 3, four strong arms
a: Dig, Shaft Self


You were on level 2 of the Dungeon.
You visited 1 branch of the dungeon, and saw 2 of its levels.

You collected 69 gold pieces.

Inventory:

Hand Weapons
 a - a +1 sling (weapon)
Armour
 c - a +0 robe (worn)
 f - an orb of mayhem (worn)
Jewellery
 o - an amulet of regeneration
Scrolls
 b - a scroll of poison
 e - a scroll of acquirement {unknown}
 h - 3 scrolls of identify {unknown}
 j - a scroll of vulnerability {unknown}
 k - a scroll of teleportation {unknown}
 m - a scroll of torment {unknown}
Potions
 d - a potion of brilliance {unknown}
 g - 2 potions of curing {unknown}
 i - a potion of invisibility {unknown}
 l - a potion of haste {unknown}
 n - a potion of heal wounds {unknown}


   Skills:
 + Level 1.5 Fighting
 * Level 2.6 Ranged Weapons
 - Level 1.7 Dodging
 + Level 1.3 Spellcasting
 * Level 4.2 Hexes
 * Level 1.1 Fire Magic


You couldn't memorise any spells.
You knew the following spells:

 Your Spells              Type           Power      Damage    Failure   Level
a - Slow                  Hex            48%        N/A       4%          1
b - Inner Flame           Hex/Fire       8%         N/A       26%         3

Your spell library contained the following spells:

 Spells                   Type           Power      Damage    Failure   Level
 Portal Projectile        Hex/Tloc       12%        N/A       32%         3
 Cause Fear               Hex            6%         N/A       41%         4


Dungeon Overview and Level Annotations

Branches:
Dungeon (2/15)

Altars:


Innate Abilities, Weirdness & Mutations

You cannot be hasted, slowed, berserked, paralysed or teleported.
You can dig through walls and to a lower floor.
You have a pair of large antennae on your head. (SInv)
Your four strong arms can wield two-handed weapons with a shield.


Message History

Confirm with . or Enter, or press ? or * to list all spells.
Aiming: Slow (safe; 4% risk of failure)
Press: ? - help, Shift-Dir - straight line, f/p - adder
Aim: an adder (lightly wounded, chance to affect: 54%)
The adder seems to slow down.
You feel sick. The adder bites you but does no damage.
Fire: a) +1 sling
Press: ? - help, Shift-Dir - straight line, f/p - adder
Aim: an adder (lightly wounded, slow, 38% to hit)
You shoot a sling bullet.
The sling bullet closely misses the adder.
You feel sick. The adder barely misses you.
Fire: a) +1 sling
Press: ? - help, Shift-Dir - straight line, f/p - adder
Aim: an adder (lightly wounded, slow, 38% to hit)
You shoot a sling bullet.
The sling bullet closely misses the adder.
You feel sick. The adder bites you but does no damage.
Fire: a) +1 sling
Press: ? - help, Shift-Dir - straight line, f/p - adder
Aim: an adder (lightly wounded, slow, 38% to hit)
You shoot a sling bullet. The sling bullet misses the adder.
You feel sick. The adder bites you but does no damage.
Fire: a) +1 sling
Press: ? - help, Shift-Dir - straight line, f/p - adder
Aim: an adder (lightly wounded, slow, 38% to hit)
You shoot a sling bullet. The sling bullet hits the adder.
The adder is heavily wounded.
You feel sick.
You are no longer poisoned.
The adder bites you.
* * * LOW HITPOINT WARNING * * *
The adder closely misses you.
Fire: a) +1 sling
Press: ? - help, Shift-Dir - straight line, f/p - adder
Aim: an adder (heavily wounded, slow, 38% to hit)
You shoot a sling bullet.
The sling bullet closely misses the adder.
The adder bites you.
You die...

#####.### #.# #.# #.##########.#
#.........##.# ##+##
#.#######.##.# ##...# # #.#####
#.##.#### ##..... ## ##.....#
#.##.##.## ##......
.####...##.###.##S#...####.......
.+..............@................
.####...##.#.####.#........†.....
## ##..##.#.# #.##.#####....... #
##....#.# #.##.# #.#.....
#^.#.#.# #.##.# #.##...# #....#.#
#..... #.###'## ### #.#.##.#
####.# #.###.## ..#####......#
#.# #.##.#.# .....####.####
#.#.###.#.###.


You could see an adder (slow).

Vanquished Creatures
  A dart slug (D:1)
  6 ball pythons
  3 bats
  An endoplasm (D:1)
  2 giant cockroaches (D:1)
  7 goblins
  3 hobgoblins (D:1)
  4 jackals (D:1)
  A quokka (D:1)
  2 kobolds (D:1)
  4 rats (D:1)
34 creatures vanquished.

Vanquished Creatures (collateral kills)
  An endoplasm (D:1)
1 creature vanquished.

Grand Total: 35 creatures vanquished

Notes
Turn   | Place    | Note
-------+----------+-------------------------------------------
     0 | D:1      | Bnni the Formicid Hexslinger began the quest for the Orb.
     0 | D:1      | Reached XP level 1. HP: 15/15 MP: 2/2
    48 | D:1      | Reached XP level 2. HP: 21/21 MP: 3/3
   176 | D:1      | Found a faded altar of an unknown god.
   234 | D:1      | Reached skill level 4 in Hexes
   285 | D:1      | Reached XP level 3. HP: 26/26 MP: 4/4
   289 | D:1      | Learned a level 3 spell: Inner Flame
   329 | D:1      | Reached skill level 1 in Fire Magic
   920 | D:2      | Slain by an adder

Illustrated notes

Levels and vault maps discovered:
D:1:      scummos_arrival_forest, layout_basic, chequers_ecumenical_altar_twisty
D:2:      layout_loops_corners

Skill      XL: |  1  2  3 |
---------------+----------+-----
Hexes          | 4 |  4.2
Fire Magic     | 1 |  1.1
Fighting       | |  1.5
Ranged Weapons | |  2.6
Dodging        | |  1.7
Spellcasting   | |  1.3

Action                   || total
-------------------------++-------
 Fire: Sling             ||    88
 Cast: Slow              ||     3
 Abil: Dig               ||     1
Armor: Robe              ||    16
Dodge: Dodged            ||    28

Table legend: (Time is in decaauts)
 A = Elapsed time spent in this place.
 B = Non-inter-level travel time spent in this place.
 C = Inter-level travel time spent in this place.
 D = Time resting spent in this place.
 E = Time spent auto-exploring this place.
 F = Levels seen in this place.
 G = Mean time per level.
                   A        B        C        D        E       F      G
               +--------+--------+--------+--------+--------+-----+--------+
         Total |    944 |    899 |     45 |      0 |    706 |   2 |  472.0 |
       Dungeon |    944 |    899 |     45 |      0 |    706 |   2 |  472.0 |
               +--------+--------+--------+--------+--------+-----+--------+

Top non-repeatable levels by time:
     D:1: 717 daAuts
     D:2: 226 daAuts
